TOP OF THE 1ST |
Chula Vista Tacos batting - Pitching for Jasper Cougars : RHP António Peña
|
Pitching: RHP António Peña
|
|
Batting: RHB Ricardo Guzmán
|
0-0: Ball 1-0: Called Strike 1-1: Foul Ball, location: 2F 1-2: Strikes out swinging
|
Batting: LHB Jaime Icaza
|
0-0: Foul Ball, location: 2F 0-1: Ball 1-1: SINGLE (Flyball, 8LS)
|
Batting: LHB Ray Bryant
|
0-0: Ball Jaime Icaza is caught stealing 2nd base 1-0: Called Strike 1-1: Ball 2-1: Foul Ball, location: 2F 2-2: SOLO HOME RUN (Flyball, 9LD), Distance : 338 ft
|
Batting: RHB José Oliveira
|
0-0: Called Strike 0-1: Called Strike 0-2: Foul Ball, location: 2F 0-2: Fly out, F8 (Flyball, 8RD)
|
Top of the 1st over - 1 run(s), 2 hit(s), 0 error(s), 0 left on base; Chula Vista 1 - Jasper 0 |
BOTTOM OF THE 1ST |
Jasper Cougars batting - Pitching for Chula Vista Tacos : RHP Jesús De Los Santos
|
Pitching: RHP Jesús De Los Santos
|
|
Batting: LHB Armando Torres
|
0-0: SINGLE (Groundball, 6MD)
|
Batting: LHB António Camacho
|
0-0: Ball 1-0: Foul Ball, location: 2F 1-1: Ball 2-1: Swinging Strike 2-2: Fly out, F8 (Flyball, 8LM)
|
Batting: SHB Ron Edwards
|
0-0: Ball Armando Torres is caught stealing 2nd base 1-0: Called Strike 1-1: Foul Ball, location: 2F 1-2: Ground out 4-3 (Groundball, 4)
|
Bottom of the 1st over - 0 run(s), 1 hit(s), 0 error(s), 0 left on base; Chula Vista 1 - Jasper 0 |
TOP OF THE 2ND |
Chula Vista Tacos batting - Pitching for Jasper Cougars : RHP António Peña
|
Batting: SHB Chris Woods
|
0-0: Swinging Strike 0-1: SINGLE (Groundball, 34D)
|
Batting: LHB Karl Hill
|
0-0: Called Strike 0-1: Called Strike 0-2: DOUBLE (Line Drive, 9LS) Chris Woods to third
|
Batting: RHB Ron Glass
|
0-0: Ball 1-0: Foul Ball, location: 2F 1-1: Ground out 6-3 (Groundball, 6) Chris Woods scores Karl Hill to third
|
Batting: RHB Cedric Price
|
0-0: Called Strike 0-1: Foul Ball, location: 2F 0-2: Strikes out swinging
|
Batting: SHB Walt Rodgers
|
0-0: Called Strike 0-1: Foul Ball, location: 2F 0-2: Ball 1-2: Ground out 4-3 (Groundball, 4)
|
Top of the 2nd over - 1 run(s), 2 hit(s), 0 error(s), 1 left on base; Chula Vista 2 - Jasper 0 |
BOTTOM OF THE 2ND |
Jasper Cougars batting - Pitching for Chula Vista Tacos : RHP Jesús De Los Santos
|
Batting: SHB Martín Cruz
|
0-0: Foul Ball, location: 2F 0-1: Foul Ball, location: 2F 0-2: Strikes out swinging
|
Batting: LHB Jon Scott
|
0-0: Fly out, F5 (Popup, 25F)
|
Batting: LHB John Stone
|
0-0: Bunted foul 0-1: Fly out, F7 (Line Drive, 7S)
|
Bottom of the 2nd over - 0 run(s), 0 hit(s), 0 error(s), 0 left on base; Chula Vista 2 - Jasper 0 |
TOP OF THE 3RD |
Chula Vista Tacos batting - Pitching for Jasper Cougars : RHP António Peña
|
Batting: RHB Ricardo Guzmán
|
0-0: Swinging Strike 0-1: Ball 1-1: Swinging Strike 1-2: Strikes out looking
|
Batting: LHB Jaime Icaza
|
0-0: Called Strike 0-1: Called Strike 0-2: Ball 1-2: Strikes out looking
|
Batting: LHB Ray Bryant
|
0-0: Ball 1-0: Called Strike 1-1: Ball 2-1: Foul Ball, location: 2F 2-2: Ball 3-2: Strikes out swinging
|
Top of the 3rd over - 0 run(s), 0 hit(s), 0 error(s), 0 left on base; Chula Vista 2 - Jasper 0 |
BOTTOM OF THE 3RD |
Jasper Cougars batting - Pitching for Chula Vista Tacos : RHP Jesús De Los Santos
|
Batting: RHB Joe Smith
|
0-0: Called Strike 0-1: Ground out 4-3 (Groundball, 4)
|
Batting: RHB George Reeves
|
0-0: Ball 1-0: Ball 2-0: Ball 3-0: Called Strike 3-1: Base on Balls
|
Batting: RHB Joe Baker
|
0-0: Foul Ball, location: 2F 0-1: Ball 1-1: Ball 2-1: Ball 3-1: Swinging Strike 3-2: Base on Balls George Reeves to second
|
Batting: LHB Armando Torres
|
0-0: Ball 1-0: Called Strike George Reeves steals 3rd base Joe Baker to second 1-1: Foul Ball, location: 2F 1-2: Foul Ball, location: 2F 1-2: Strikes out looking
|
Batting: LHB António Camacho
|
0-0: Swinging Strike 0-1: Fly out, F6 (Popup, 5)
|
Bottom of the 3rd over - 0 run(s), 0 hit(s), 0 error(s), 2 left on base; Chula Vista 2 - Jasper 0 |
TOP OF THE 4TH |
Chula Vista Tacos batting - Pitching for Jasper Cougars : RHP António Peña
|
Batting: RHB José Oliveira
|
0-0: Ball 1-0: Called Strike 1-1: Foul Ball, location: 2F 1-2: Ground out 6-3 (Groundball, 6)
|
Batting: SHB Chris Woods
|
0-0: SINGLE (Groundball, 4MD)
|
Batting: LHB Karl Hill
|
0-0: Called Strike 0-1: Foul Ball, location: 2F 0-2: Strikes out swinging
|
Batting: RHB Ron Glass
|
0-0: Ball 1-0: 2-RUN HOME RUN (Line Drive, 78D), Distance : 378 ft
|
Batting: RHB Cedric Price
|
0-0: Ground out 6-3 (Groundball, 6M)
|
Top of the 4th over - 2 run(s), 2 hit(s), 0 error(s), 0 left on base; Chula Vista 4 - Jasper 0 |
BOTTOM OF THE 4TH |
Jasper Cougars batting - Pitching for Chula Vista Tacos : RHP Jesús De Los Santos
|
Batting: SHB Ron Edwards
|
0-0: Ball 1-0: Called Strike 1-1: Ball 2-1: Foul Ball, location: 2F 2-2: Strikes out swinging
|
Batting: SHB Martín Cruz
|
0-0: Ball 1-0: Ball 2-0: Fly out, F8 (Flyball, 8LM)
|
Batting: LHB Jon Scott
|
0-0: Fly out, F5 (Popup, 15)
|
Bottom of the 4th over - 0 run(s), 0 hit(s), 0 error(s), 0 left on base; Chula Vista 4 - Jasper 0 |
TOP OF THE 5TH |
Chula Vista Tacos batting - Pitching for Jasper Cougars : RHP António Peña
|
Batting: SHB Walt Rodgers
|
0-0: Ball 1-0: Ball 2-0: Ball 3-0: Base on Balls
|
Batting: RHB Ricardo Guzmán
|
0-0: Ball 1-0: Called Strike 1-1: Foul Ball, location: 2F 1-2: Strikes out looking Walt Rodgers is caught stealing 2nd base Batter strikes out.
|
Batting: LHB Jaime Icaza
|
0-0: Called Strike 0-1: Ball 1-1: Called Strike 1-2: Ground out 1-3 (Groundball, 13)
|
Top of the 5th over - 0 run(s), 0 hit(s), 0 error(s), 0 left on base; Chula Vista 4 - Jasper 0 |
BOTTOM OF THE 5TH |
Jasper Cougars batting - Pitching for Chula Vista Tacos : RHP Jesús De Los Santos
|
Batting: LHB John Stone
|
0-0: Bunted foul 0-1: Ball 1-1: Ball 2-1: Foul Ball, location: 2F 2-2: Foul Ball, location: 2F 2-2: Ball 3-2: Foul Ball, location: 2F 3-2: Strikes out looking
|
Batting: RHB Joe Smith
|
0-0: Ball 1-0: Ball 2-0: Foul Ball, location: 2F 2-1: Fly out, F9 (Flyball, 9LM)
|
Batting: RHB George Reeves
|
0-0: Swinging Strike 0-1: Called Strike 0-2: Strikes out looking
|
Bottom of the 5th over - 0 run(s), 0 hit(s), 0 error(s), 0 left on base; Chula Vista 4 - Jasper 0 |
TOP OF THE 6TH |
Chula Vista Tacos batting - Pitching for Jasper Cougars : RHP António Peña
|
Batting: LHB Ray Bryant
|
0-0: Called Strike 0-1: Ball 1-1: Ball 2-1: DOUBLE (Line Drive, 89XD)
|
Batting: RHB José Oliveira
|
0-0: Foul Ball, location: 2F 0-1: Ball 1-1: Ground out 6-3 (Groundball, 6) Ray Bryant to third
|
Batting: SHB Chris Woods
|
0-0: Swinging Strike 0-1: Ground out 4-3 (Groundball, 4) Ray Bryant scores
|
Batting: LHB Karl Hill
|
0-0: Swinging Strike 0-1: Foul Ball, location: 2F 0-2: Ball 1-2: Fly out, F9 (Flyball, 89M)
|
Top of the 6th over - 1 run(s), 1 hit(s), 0 error(s), 0 left on base; Chula Vista 5 - Jasper 0 |
BOTTOM OF THE 6TH |
Jasper Cougars batting - Pitching for Chula Vista Tacos : RHP Jesús De Los Santos
|
Batting: RHB Joe Baker
|
0-0: DOUBLE (Line Drive, 9LS)
|
Batting: LHB Armando Torres
|
0-0: Ground out 1-3 (Groundball, 3S) Joe Baker to third
|
Batting: LHB António Camacho
|
0-0: Ball 1-0: DOUBLE (Line Drive, 78D) Joe Baker scores
|
Batting: SHB Ron Edwards
|
0-0: Ball 1-0: Foul Ball, location: 2F 1-1: Ball 2-1: DOUBLE (Line Drive, 3L) António Camacho scores
|
Batting: SHB Martín Cruz
|
0-0: Ball 1-0: Ground out 4-3 (Groundball, 4) Ron Edwards to third
|
Batting: LHB Jon Scott
|
0-0: Fly out, F9 (Flyball, 9M)
|
Bottom of the 6th over - 2 run(s), 3 hit(s), 0 error(s), 1 left on base; Chula Vista 5 - Jasper 2 |
TOP OF THE 7TH |
Chula Vista Tacos batting - Pitching for Jasper Cougars : RHP António Peña
|
Batting: RHB Ron Glass
|
0-0: Ball 1-0: SINGLE (Line Drive, 56D)
|
Batting: RHB Cedric Price
|
0-0: Ball 1-0: Ball 2-0: Swinging Strike 2-1: Foul Ball, location: 2F 2-2: Ball 3-2: Strikes out swinging
|
Pitching: LHP Javier Galeas
|
|
Batting: SHB Walt Rodgers
|
0-0: Called Strike 0-1: Ball Ron Glass is caught stealing 2nd base 1-1: Foul Ball, location: 2F 1-2: Ball 2-2: Strikes out looking
|
Top of the 7th over - 0 run(s), 1 hit(s), 0 error(s), 0 left on base; Chula Vista 5 - Jasper 2 |
BOTTOM OF THE 7TH |
Jasper Cougars batting - Pitching for Chula Vista Tacos : RHP Jesús De Los Santos
|
Batting: LHB John Stone
|
0-0: Ball 1-0: DOUBLE (Flyball, 8RS)
|
Batting: RHB Joe Smith
|
0-0: Ball 1-0: Foul Ball, location: 2F 1-1: Foul Ball, location: 2F 1-2: Ball 2-2: Ball 3-2: Foul Ball, location: 2F 3-2: Strikes out swinging
|
Pitching: RHP Carlos Trujillo
|
|
Batting: RHB George Reeves
|
0-0: Ball 1-0: Ground out U3 (Groundball, 3S) John Stone to third
|
Batting: RHB Joe Baker
|
0-0: Called Strike 0-1: Foul Ball, location: 2F 0-2: Strikes out looking
|
Bottom of the 7th over - 0 run(s), 1 hit(s), 0 error(s), 1 left on base; Chula Vista 5 - Jasper 2 |
TOP OF THE 8TH |
Chula Vista Tacos batting - Pitching for Jasper Cougars : LHP Javier Galeas
|
Batting: RHB Ricardo Guzmán
|
0-0: Foul Ball, location: 2F 0-1: Swinging Strike 0-2: Strikes out swinging
|
Batting: LHB Jaime Icaza
|
0-0: Ball 1-0: Foul Ball, location: 2F 1-1: Foul Ball, location: 2F 1-2: Foul Ball, location: 2F 1-2: Ball 2-2: Ball 3-2: Base on Balls
|
Batting: LHB Ray Bryant
|
0-0: Ball 1-0: Called Strike 1-1: Ball 2-1: Ball 3-1: Foul Ball, location: 2F 3-2: Strikes out swinging
|
Batting: RHB José Oliveira
|
0-0: TRIPLE (Flyball, 8LS) Jaime Icaza scores
|
Batting: SHB Chris Woods
|
0-0: Ball 1-0: Foul Ball, location: 2F 1-1: Ball 2-1: Ball 3-1: Foul Ball, location: 2F 3-2: Base on Balls
|
Batting: LHB Karl Hill
|
0-0: Called Strike 0-1: Called Strike 0-2: Foul Ball, location: 2F 0-2: Foul Ball, location: 2F 0-2: Ball 1-2: Strikes out swinging
|
Top of the 8th over - 1 run(s), 1 hit(s), 0 error(s), 2 left on base; Chula Vista 6 - Jasper 2 |
BOTTOM OF THE 8TH |
Jasper Cougars batting - Pitching for Chula Vista Tacos : RHP Carlos Trujillo
|
Batting: LHB Armando Torres
|
0-0: Bunt for hit - play at first, batter OUT! 1-3
|
Batting: LHB António Camacho
|
0-0: Ball 1-0: SINGLE (Groundball, 5D)
|
Batting: SHB Ron Edwards
|
0-0: Called Strike 0-1: Foul Ball, location: 2F 0-2: Strikes out swinging
|
Batting: SHB Martín Cruz
|
0-0: Ball 1-0: Ball 2-0: Foul Ball, location: 2F 2-1: DOUBLE (Flyball, 9D) António Camacho to third
|
Pitching: RHP Mike Marrero
|
|
Batting: LHB Jon Scott
|
0-0: Ball 1-0: Called Strike 1-1: Ball 2-1: Ball 3-1: Called Strike 3-2: Strikes out swinging
|
Bottom of the 8th over - 0 run(s), 2 hit(s), 0 error(s), 2 left on base; Chula Vista 6 - Jasper 2 |
TOP OF THE 9TH |
Chula Vista Tacos batting - Pitching for Jasper Cougars : LHP Javier Galeas
|
Batting: RHB Ron Glass
|
0-0: Foul Ball, location: 2F 0-1: Ball 1-1: Ball 2-1: Foul Ball, location: 2F 2-2: Ground out 1-3 (Groundball, 13)
|
Batting: RHB Cedric Price
|
0-0: Called Strike 0-1: Swinging Strike 0-2: Fly out, F3 (Popup, 3F)
|
Batting: SHB Walt Rodgers
|
0-0: Ball 1-0: Ball 2-0: Ball 3-0: Base on Balls
|
Pitching: RHP Bennett Greer
|
|
Batting: RHB Ricardo Guzmán
|
0-0: Foul Ball, location: 2F 0-1: Ball 1-1: SINGLE (Groundball, 4M) Walt Rodgers to second
|
Batting: LHB Jaime Icaza
|
0-0: Ball 1-0: SINGLE (Groundball, 4MD) Walt Rodgers to third Ricardo Guzmán to second Runner from 3rd tries for Home, SAFE, no throw or cutoff
|
Batting: LHB Ray Bryant
|
0-0: Called Strike 0-1: Foul Ball, location: 2F 0-2: Ball 1-2: Ball 2-2: Foul Ball, location: 2F 2-2: Ball 3-2: Fly out, F8 (Flyball, 8LXD)
|
Top of the 9th over - 1 run(s), 2 hit(s), 0 error(s), 2 left on base; Chula Vista 7 - Jasper 2 |
BOTTOM OF THE 9TH |
Jasper Cougars batting - Pitching for Chula Vista Tacos : RHP Mike Marrero
|
Batting: LHB John Stone
|
0-0: Foul Ball, location: 2F 0-1: Ball 1-1: Ball 2-1: Swinging Strike 2-2: Ball 3-2: Foul Ball, location: 2F 3-2: Ground out 6-3 (Groundball, 6)
|
Batting: RHB Joe Smith
|
0-0: Swinging Strike 0-1: Foul Ball, location: 2F 0-2: Ball 1-2: Strikes out swinging
|
Batting: RHB George Reeves
|
0-0: Ground out 6-3 (Groundball, 6S)
|
Bottom of the 9th over - 0 run(s), 0 hit(s), 0 error(s), 0 left on base; Chula Vista 7 - Jasper 2 |
|